 Dungeon Crawl Stone Soup version 0.28-a0-1616-g050a50673c (webtiles) character file.

Game seed: 3751861299707804280

44 Hasart the Insei (level 3, 0/23 HPs)
             Began as an Octopode Transmuter on Jan 23, 2022.
             Slain by an iguana (14 damage)
             ... on level 2 of the Dungeon.
             The game lasted 00:01:46 (1516 turns).

Hasart the Insei (Octopode Transmuter)              Turns: 1516, Time: 00:01:47

Health: 0/23       AC:  1    Str:  9    XL:     3   Next: 60%
Magic:  5/6        EV: 13    Int: 17    God:
Gold:   65         SH:  0    Dex: 12    Spells: 0/6 levels left

rFire   . . .      SeeInvis .     - Unarmed
rCold   . . .      Faith    .   (no shield)
rNeg    . . .      Spirit   .   (helmet currently unavailable)
rPois   .          Reflect  .   (no amulet)
rElec   .          Harm     .   (no ring)
rCorr   .          Rampage  .   (no ring)
Will    .....                   (no ring)
Stlth   ++........              (no ring)
HPRegen 0.07/turn               (no ring)
MPRegen 0.10/turn               (no ring)
                                (no ring)
                                (no ring)

@: appendages (expiring)
A: tentacle spike 3, almost no armour, amphibious, 8 rings, camouflage 1,
gelatinous body 1, (nimble swimmer 1), tentacles
a: End Transformation


You were on level 2 of the Dungeon.
One of your tentacles had grown a beastly spike.
You visited 1 branch of the dungeon, and saw 2 of its levels.

You collected 65 gold pieces.

Inventory:

Scrolls
 e - a scroll of fear {unknown}
 f - a scroll of teleportation {unknown}
 h - a scroll of enchant weapon {unknown}
 i - a scroll of blinking {unknown}
 j - a scroll of identify {unknown}
Potions
 a - a potion of heal wounds {unknown}
 b - a potion of resistance {unknown}
 c - a potion of lignification {unknown}
 d - 2 potions of curing {unknown}
 g - a potion of flight {unknown}


   Skills:
 + Level 1.5 Fighting
 + Level 2.2 Dodging
 * Level 3.5 Unarmed Combat
 + Level 2.3 Spellcasting
 + Level 2.3 Transmutations
 + Level 0.3 Poison Magic


You couldn't memorise any spells.
You knew the following spells:

 Your Spells              Type           Power      Damage    Failure   Level
a - Beastly Appendage     Tmut           18%        N/A       8%          1
b - Wereblood             Tmut           9%         N/A       11%         2
c - Spider Form           Tmut/Pois      6%         N/A       32%         3

Your spell library contained the following spells:

 Spells                   Type           Power      Damage    Failure   Level
 Ice Form                 Ice/Tmut       5%         N/A       75%         4


Dungeon Overview and Level Annotations

Branches:
Dungeon (2/15)

Altars:


Innate Abilities, Weirdness & Mutations

One of your tentacles has grown a beastly spike.
You cannot wear most types of armour.
You are amphibious.
You can wear up to eight rings at the same time.
Your skin changes colour to match your surroundings (Stealth+).
Your rubbery body absorbs attacks. (AC +1, EV +1)
((You are camouflaged when in or above water. (Stealth+)))
You have tentacles for arms and can constrict up to eight enemies at once.


Message History

An iguana comes into view.
A bat comes into view.
The bat moves out of view.
An iguana is nearby!
No reachable target in view!
An iguana is nearby!
The iguana hisses angrily.
A ball python comes into view.
Found 22 stones.
The ball python moves out of view.
Found 17 sling bullets.
The bat closely misses you.
Casting: Beastly Appendage (safe; 8% risk of failure)
Confirm with . or Enter, or press ? or * to list all spells.
One of your tentacles grows a vicious spike.
The bat barely misses you. The bat misses you.
You tentacle-slap the iguana but do no damage.
You grab the iguana.
You pierce the iguana.
You squeeze the iguana, but do no damage.
The iguana is moderately wounded.
You constrict the iguana, but do no damage.
The bat barely misses you. The bat hits you but does no damage.
The iguana closely misses you.
You completely miss the iguana.
You pierce the iguana.
You squeeze the iguana, but do no damage.
The iguana is heavily wounded.
You constrict the iguana, but do no damage.
The bat hits you but does no damage. The iguana bites you.
The bat barely misses you.
You tentacle-slap the iguana.
You pierce the iguana, but do no damage.
The iguana is severely wounded.
You constrict the iguana. The bat hits you. The iguana bites you.
Unknown command.
You tentacle-slap the iguana but do no damage.
You pierce the iguana, but do no damage.
You squeeze the iguana, but do no damage.
The iguana is severely wounded.
Your transformation is almost over.
You constrict the iguana. The iguana bites you!
Ouch! That really hurt!
You die...

#..........# ###.
#.#...###....# ##...##
#.....####.#.# ##......
#.#....### #.......
...#.#.#### #>....<.
......#....# #...>...
......####.## #.......
......(.....# #.......
.....(..l@b.# .........
.#####...........#.##.....
.........####### ####.#
######...# #.# .. ....# #.
# .....# #. ####.# .#


You could see an iguana and a bat.

Vanquished Creatures
  An adder (D:2)
  A worm (D:2)
  4 ball pythons
  An endoplasm (D:1)
  4 giant cockroaches
  4 goblins
  A hobgoblin (D:2)
  5 quokkas (D:1)
  A bat (D:2)
  3 frilled lizards (D:1)
  2 kobolds (D:1)
  4 rats
31 creatures vanquished.

Notes
Turn   | Place    | Note
-------+----------+-------------------------------------------
     0 | D:1      | Hasart the Octopode Transmuter began the quest for the Orb.
     0 | D:1      | Reached XP level 1. HP: 13/13 MP: 3/3
   344 | D:1      | Reached XP level 2. HP: 18/18 MP: 5/5
  1138 | D:2      | Reached XP level 3. HP: 22/23 MP: 6/6
  1168 | D:2      | Learned a level 2 spell: Wereblood
  1172 | D:2      | Learned a level 3 spell: Spider Form
  1516 | D:2      | Slain by an iguana

Illustrated notes

Levels and vault maps discovered:
D:1:      minmay_arrival_radiant_lines, layout_basic
D:2:      layout_rooms, serial_co_window_serial, co_window_of_opportunity_a,
          co_window_paths_a, co_window_paths_b, co_window_corner_a,
          co_window_of_opportunity_a, co_window_paths_b, co_window_corner_a,
          co_window_paths_a, co_window_corner_a, co_window_cross_4,
          co_window_paths_c, co_window_unsneaky_path_a, co_window_broadway_a,
          co_window_corner_cb, co_window_2corner, co_window_paths_d

Action                   || total
-------------------------++-------
Melee: Unarmed           ||    64
       Tentacles         ||    17
       Constrict         ||    21
       Punch             ||     4
       Kick              ||     6
 Cast: Beastly Appendage ||     2
 Stab: Sleeping          ||     5
Armor: Skin              ||     6
Dodge: Dodged            ||    33

Table legend: (Time is in decaauts)
 A = Elapsed time spent in this place.
 B = Non-inter-level travel time spent in this place.
 C = Inter-level travel time spent in this place.
 D = Time resting spent in this place.
 E = Time spent auto-exploring this place.
 F = Levels seen in this place.
 G = Mean time per level.
                   A        B        C        D        E       F      G
               +--------+--------+--------+--------+--------+-----+--------+
         Total |   1511 |   1483 |     28 |      0 |   1242 |   2 |  755.5 |
       Dungeon |   1511 |   1483 |     28 |      0 |   1242 |   2 |  755.5 |
               +--------+--------+--------+--------+--------+-----+--------+

Top non-repeatable levels by time:
     D:1: 1052 daAuts
     D:2: 459 daAuts
